 Dungeon Crawl Stone Soup version 0.30-b1-2-g02819fbbbe (webtiles) character file.

Game seed: 856033662560768987

270597 0o0o the Slayer (level 19, -3/143 (152) HPs)
             Began as a Minotaur Fighter on Aug 24, 2023.
             Was an Initiate of Yredelemnul.
             Slain by a shadow demon (6 damage)
             ... summoned by a deep elf demonologist
             ... while paralysed
             ... on level 3 of the Elven Halls on Aug 26, 2023.
             The game lasted 03:03:22 (48477 turns).

0o0o the Slayer (Minotaur Fighter)                 Turns: 48477, Time: 03:03:23

HP:   -3/143 (152)  AC: 27    Str: 40      XL:     19   Next: 43%
MP:   0/16          EV:  2    Int:  0 (1)  God:    Yredelemnul [......]
Gold: 701           SH:  0    Dex:  5      Spells: 18/18 levels left

rFire   x x .        v - +3 demon trident (venom)
rCold   + . .        Y - +8 tower shield "Ogumac" {Str+3}
rNeg    . . .        x - +8 plate armour
rPois   +            (helmet unavailable)
rElec   +            a - +1 cloak of Sif Muna's Wrath {rF+ rCorr Str+5 Dex-4}
rCorr   +            y - +1 pair of gloves {Stlth+}
SInv    +            (no boots)
Will    ++...        D - amulet "Ynuczef" {Spirit rElec rPois rC+ Will+} Stlth
                     H - +6 ring of strength
HPRegen 0.00/turn    t - ring of see invisible
MPRegen 0.15/turn

%: random rage (9%), guardian spirit
@: paralysed, about to teleport, spiked, on berserk cooldown, inhibited regen,
slowed, lost intelligence, drained, unable to read, unable to drink
A: horns 3, retaliatory headbutt, poison resistance, robust 1, berserk 1[+1],
clumsy 1[+1], [deformed body], [deterioration 2], [dopey 2], [frail 3], [low MP
3], [screaming 2], [inhibited regeneration], [teleportitis 2], [no potion heal
2], [heat vulnerability 3], [subdued magic 3], [inability to drink after injury
2], [inability to read after injury 2]
}: 2/15 runes: decaying, serpentine
a: Renounce Religion, Recall Undead Harvest


You were on level 3 of the Elven Halls.
You worshipped Yredelemnul.
Yredelemnul was noncommittal.
You visited 6 branches of the dungeon, and saw 33 of its levels.
You visited the Abyss 1 time.
You also visited: Bailey.

You collected 4519 gold pieces.
You spent 3818 gold pieces at shops.

Inventory:

Hand Weapons
 e - a +7 heavy trident
 o - the +5 spear of Shrieking Terror {flame, +Blink rPois Int+5}
   (You found it on level 2 of the Dungeon)

   Int:       It affects your intelligence (+5).
   rPois:     It protects you from poison.
   +Blink:    It lets you blink.
 v - a +3 demon trident of venom (weapon)
 S - a +8 trident of flaming
Armour
 a - the +1 cloak of Sif Muna's Wrath (worn) {rF+ rCorr Str+5 Dex-4}
   (You acquired it on level 2 of the Elven Halls)

   Str:       It affects your strength (+5).
   Dex:       It affects your dexterity (-4).
   rF:        It protects you from fire.
   rCorr:     It protects you from acid and corrosion.
 j - a +1 tower shield of cold resistance
 w - a +2 chain mail of fire resistance
 x - a +8 plate armour (worn)
 y - a +1 pair of gloves of stealth (worn)
 V - the +6 scale mail "Torphura" {*Corrode rElec rN+++}
   (You found it on level 10 of the Dungeon)

   rElec:     It insulates you from electricity.
   rN:        It renders you almost immune to negative energy.
   *Corrode:  It may corrode you when you take damage.
 Y - the +8 tower shield "Ogumac" (worn) {Str+3}
   (You found it on level 1 of the Lair of Beasts)

   Str:       It affects your strength (+3).
Jewellery
 b - a ring of resist corrosion
 c - the amulet "Unecvup" {Reflect rF- rN++ Str+2 SH+5}
   (You bought it in a shop on level 2 of the Orcish Mines)

   [amulet of reflection]

   It reflects blocked missile attacks.
   Str:       It affects your strength (+2).
   rF:        It makes you vulnerable to fire.
   rN:        It greatly protects you from negative energy.
   SH:        It affects your SH (+5).
 f - a ring of flight
 l - a ring of fire
 p - a +5 ring of evasion
 t - a ring of see invisible (right hand)
 u - a ring of poison resistance
 D - the amulet "Ynuczef" (around neck) {Spirit rElec rPois rC+ Will+}
   (You bought it in a shop on level 2 of the Snake Pit)

   [amulet of guardian spirit]

   It causes incoming damage to be divided between your reserves of health and
   magic.
   rC:        It protects you from cold.
   rElec:     It insulates you from electricity.
   rPois:     It protects you from poison.
   Will:      It increases your willpower.
 E - a ring of protection from cold
 H - a +6 ring of strength (left hand)
 K - a +4 ring of protection
 R - an amulet of regeneration
Wands
 g - a wand of iceblast (19)
 A - a wand of digging (6)
 G - a wand of polymorph (4)
 J - a wand of flame (40)
 M - a wand of acid (8)
 N - a wand of mindburst (21)
 W - a wand of paralysis (33)
Scrolls
 h - 12 scrolls of immolation
 q - 3 scrolls of butterflies
 s - 4 scrolls of poison
 I - a scroll of silence
 O - 5 scrolls of magic mapping
 P - 5 scrolls of fear (quivered)
 X - 4 scrolls of teleportation
 Z - 3 scrolls of fog
Potions
 d - 2 potions of might
 i - 4 potions of resistance
 k - 14 potions of curing
 m - 3 potions of flight
 r - 2 potions of haste
 z - 4 potions of heal wounds
 B - a potion of cancellation
 C - 10 potions of ambrosia
 L - 7 potions of lignification
Miscellaneous
 F - a condenser vane
 Q - a lightning rod (4/4)
 T - a piece from Xom's chessboard (15/15)
 U - a box of beasts


   Skills:
 + Level 21.8 Fighting
 - Level 3.2(11.9) Axes
 + Level 17.4(17.6) Polearms
 - Level 10.4 Ranged Weapons
 + Level 19.7 Armour
 + Level 19.8 Shields
 - Level 7.0 Invocations
 + Level 14.5 Evocations


You had 18 spell levels left.
You didn't know any spells.
Your spell library contained the following spells:

 Spells                   Type           Power      Damage    Failure   Level
 Freeze                   Ice            0%         1d3       94%         1
 Slow                     Hex            0%         N/A       94%         1
 Sting                    Tmut/Pois      0%         1d3       94%         1
 Summon Small Mammal      Summ           0%         N/A       94%         1
 Lesser Beckoning         Tloc           0%         N/A       98%         2
 Poisonous Vapours        Pois/Air       0%         N/A       98%         2
 Scorch                   Fire           0%         2d5       98%         2
 Call Canine Familiar     Summ           0%         N/A       100%        3
 Confusing Touch          Hex            0%         N/A       100%        3
 Frozen Ramparts          Ice            0%         1d1       100%        3
 Gell's Gravitas          Tloc           0%         N/A       100%        3
 Hailstorm                Conj/Ice       0%         3d3       100%        3
 Inner Flame              Hex/Fire       0%         N/A       100%        3
 Mephitic Cloud           Conj/Pois/Air  0%         N/A       100%        3
 Ozocubu's Armour         Ice            0%         N/A       100%        3
 Summon Guardian Golem    Hex/Summ       0%         N/A       100%        3
 Teleport Other           Tloc           0%         N/A       100%        3
 Tukima's Dance           Hex            0%         N/A       100%        3
 Vampiric Draining        Necr           0%         2d6       100%        3
 Vhi's Electric Charge    Tloc/Air       0%         N/A       100%        3
 Anguish                  Hex/Necr       0%         N/A       100%        4
 Cause Fear               Hex            0%         N/A       100%        4
 Flame Wave               Conj/Fire      0%         2d4       100%        4
 Manifold Assault         Tloc           0%         N/A       100%        4
 Olgreb's Toxic Radiance  Pois           0%         N/A       100%        4
 Passage of Golubria      Tloc           0%         N/A       100%        4
 Petrify                  Tmut/Erth      0%         N/A       100%        4
 Sticky Flame             Conj/Fire      0%         2d3       100%        4
 Summon Lightning Spire   Summ/Air       0%         N/A       100%        4
 Alistair's Intoxication  Tmut/Pois      0%         N/A       100%        5
 Arcjolt                  Conj/Air       0%         1d10      100%        5
 Borgnjor's Vile Clutch   Necr/Erth      0%         N/A       100%        5
 Fireball                 Conj/Fire      0%         3d3       100%        5
 Freezing Cloud           Conj/Ice/Air   0%         6-21      100%        5
 Iskenderun's Battlesphe  Conj           0%         2d6       100%        5
 Metabolic Englaciation   Hex/Ice        0%         N/A       100%        5
 Summon Forest            Summ/Tloc      0%         N/A       100%        5
 Yara's Violent Unravell  Hex/Tmut       0%         3d3       100%        5
 Conjure Ball Lightning   Conj/Air       0%         3x3d6     100%        6
 Dispersal                Tloc           0%         N/A       100%        6
 Eringya's Noxious Bog    Tmut/Pois      0%         N/A       100%        6
 Plasma Beam              Fire/Air       0%         2x1d11    100%        6
 Statue Form              Tmut/Erth      0%         N/A       100%        6
 Summon Cactus Giant      Summ           0%         N/A       100%        6
 Enfeeble                 Hex            0%         N/A       100%        7
 Orb of Destruction       Conj           0%         9d5       100%        7
 Ozocubu's Refrigeration  Ice            0%         4d7       100%        7
 Storm Form               Tmut/Air       0%         N/A       100%        7
 Summon Hydra             Summ           0%         N/A       100%        7
 Disjunction              Tloc           0%         N/A       100%        8
 Maxwell's Capacitive Co  Air            0%         ∞         100%        8


Dungeon Overview and Level Annotations

Branches:
Dungeon (15/15)            Temple (0/1) D:7            Lair (5/5) D:10
  Swamp (4/4) Lair:3        Snake (4/4) Lair:2        Slime (0/5) Lair:4
    Orc (2/2) D:10            Elf (3/3) Orc:2        Vaults (0/5) D:14
 Depths (0/4) D:15         Bailey (visited)

Altars:
Fedhas
Kikubaaqudgha
Okawaru
Sif Muna
Trog
Uskayaw
Vehumet
Yredelemnul
Zin
Jiyva

Shops:
D:6 :   D:10 =   Orc:2 =?[=   Elf:1 (   Elf:2 [   Elf:3 (   Snake:2 =::
Snake:3 :

Portals:
Trove: D:13 (give horn of Geryon)

Annotations:
D:3 2 runed translucent doors, diceflayer's ghost, amateur MiFi
D:5 2 transporters, diceflayer's ghost, amateur DsHu
D:6 exclusion: downstairs
D:8 3 runed translucent doors, diceflayer's ghost, novice MiFi
Lair:1 2 transporters, Anon1729's ghost, journeyman MiMo
Swamp:2 Roxanne
Swamp:3 exclusion: downstairs
Elf:2 3 runed translucent doors


Innate Abilities, Weirdness & Mutations

You have a pair of large horns on your head.
You reflexively headbutt those who attack you in melee.
Your system is resistant to poisons. (rPois)
You are robust. (+10% HP)
[You have an uncontrollable temper.]
[You are very clumsy. (Dex -4)]
[Armour fits poorly on your strangely shaped body.]
[Your body often deteriorates upon taking damage.]
[You are very dopey. (Int -4)]
[You are extremely frail. (-30% HP)]
[Your magical capacity is extremely low. (-30% MP)]
[You frequently scream uncontrollably at your foes.]
[You do not regenerate when monsters are visible.]
[You are often teleported next to monsters.]
[Potions cannot restore your health.]
[You are extremely vulnerable to heat. (rF---)]
[Your spells are much easier to cast, but much less powerful.]
[You sometimes lose the ability to drink potions when taking damage.]
[You sometimes lose the ability to read scrolls when taking damage.]


Message History

The deep elf archer gestures wildly while chanting.
The deep elf archer blinks!
You block the shadow demon's attack.
The starcursed mass touches you but does no damage.
A deafening chorus of shrieks assaults your mind!
The red devil hits you from afar with a +0 trident!
* * * LOW HITPOINT WARNING * * *
Barbed spikes become lodged in your body.
The deep elf sorcerer barely misses you.
The deep elf demonologist casts a spell.
You block the starcursed mass's attack.
The deep elf death mage hits you from afar with a +2 trident of freezing.
* * * LOW HITPOINT WARNING * * *
The deep elf archer casts a spell.
The deep elf archer blinks!
The deep elf zephyrmancer casts a spell.
The deep elf zephyrmancer blinks!
The earth elemental hits you!!
* * * LOW HITPOINT WARNING * * *
Your body deteriorates!
You feel dopey.
You have lost your intelligence.
The shadow demon hits you but does no damage.
The starcursed mass touches you but does no damage.
The red devil hits you but does no damage.
The deep elf pyromancer gestures wildly while chanting.
The deep elf sorcerer barely misses you.
The starcursed mass touches you!
* * * LOW HITPOINT WARNING * * *
The deep elf demonologist casts a spell at you.
You resist with almost no effort.
The deep elf archer mumbles some strange words.
The deep elf archer blinks!
The deep elf death mage hits you from afar with a +2 trident of freezing.
* * * LOW HITPOINT WARNING * * *
The deep elf death mage freezes you.
* * * LOW HITPOINT WARNING * * *
The deep elf knight barely misses you.
The deep elf sorcerer hits you with a +0 long sword.
* * * LOW HITPOINT WARNING * * *
The starcursed mass touches you but does no damage.
The shadow demon hits you!
You die...
Your body rises from the dead as a mindless zombie.

...##..##..####Z## #.#.###....
..###.###.#.##.## #.#.##.#)).
.###.## #.##..#########.#.##°.[..
#.#.#####.##ee##.##..##...##.§)..
..)..........§..........○○..)....
....#####..###E.e.§*.##.....#....
...#....|.)..○Ee4Xe)###.#...#.)..
#.#.#.##...###e2XXX## #.#.##.#...
####.#.##.## #ee@*X# #.#.#.###.#
##.#.### ##Eee## #.#..## ###
##.#.## ##1## #.#)## #.##.## ###
#...# #.##..##### ##Z#.#
#.#.Z.....## ##Z#..#
#.#Z.##)##.## ##.###.##
#..#####Z##.###.####..## #.##
##.##.#.###.....## ##


You could see 5 starcursed masses, a Brimstone Fiend (summoned), a wretched
star, a deep elf death mage, a deep elf sorcerer (fast), a shadow demon
(summoned), a deep elf demonologist, 2 deep elf archers, 2 deep elf knights, an
earth elemental (summoned), 2 deep elf pyromancers, a deep elf zephyrmancer
(summoned), 2 fire elementals, a red devil (summoned) and a lost soul
(summoned).

Vanquished Creatures
  A dread lich (Abyss:2)
  Mara (Swamp:3)
  the Lernaean hydra (Swamp:3)
  Vashnia (Snake:3)
  Bai Suzhen (Elf:2)
  Nikola (Swamp:1)
  A tentacled monstrosity (Abyss:2)
  Jorgrun (Elf:1)
  A deep elf blademaster (Elf:3)
  A deep elf master archer (Elf:3)
  2 tentacled starspawn (Abyss:2)
  Agnes (D:14)
  Frances (Swamp:1)
  A fenstrider witch (Swamp:2)
  14 nagarajas
  5 deep elf sorcerers
  Louise (Snake:4)
  Aizul (Snake:4)
  2 orc warlords
  5 deep elf elementalists
  2 very ugly things (Abyss:2)
  A stone giant (D:10)
  A deep elf demonologist (Elf:3)
  An eleionoma (Swamp:3)
  3 bunyips
  2 deep elf annihilators
  2 deep elf death magi (Elf:3)
  A shambling mangrove (Swamp:4)
  12 slime creatures
  4 rakshasas
  2 great orbs of eyes
  A deep elf high priest (Elf:3)
  A salamander tyrant (Snake:4)
  15 hydras
  2 boulder beetles
  5 vault guards (D:14)
  3 anacondas
  6 centaur warriors
  12 dancing weapons
  4 alligators
  8 two-headed ogres
  Erica (D:10)
  A satyr (shapeshifter) (D:15)
  A deep troll shaman (Lair:5)
  5 naga warriors
  2 tengu warriors (D:14)
  15 naga sharpshooters
  3 death yaks
  6 orc high priests
  4 shock serpents
  13 deep elf knights
  4 salamander mystics
  A wretched star (Abyss:2)
  8 swamp dragons
  2 spriggan riders
  A goliath frog (Swamp:3)
  A spriggan druid (Swamp:1)
  2 bog bodies
  3 naga ritualists (Snake:4)
  13 deep elf archers
  A shadow demon (Abyss:2)
  26 deep elf pyromancers
  12 orc knights
  26 deep elf zephyrmancers
  A wolf spider (D:10)
  6 orc sorcerers
  3 mana vipers
  2 will-o-the-wisps
  2 cyclopes
  11 salamanders
  20 ugly things
  2 manticores
  7 elephants
  12 naga magi
  Joseph (D:8)
  16 black mambas
  2 guardian serpents
  10 cane toads
  2 unseen horrors
  A gargoyle (D:12)
  3 rime drakes
  A kobold demonologist (D:13)
  6 komodo dragons
  A yaktaur (shapeshifter) (D:15)
  An efreet (D:15)
  2 tengu conjurers (D:14)
  3 yaktaurs (D:15)
  An ancient zyme (Abyss:2)
  A queen bee (Lair:4)
  3 polar bears
  A troll (Orc:2)
  3 meliai (Lair:4)
  A meliai (shapeshifter) (D:13)
  5 hornets
  A bloated husk (Swamp:2)
  4 raiju (Abyss:2)
  Prince Ribbit (D:5)
  6 blink frogs
  6 tyrant leeches
  2 shadows
  2 spriggans (Swamp:1)
  5 water elementals
  2 air elementals
  A wraith (D:10)
  4 vampires
  2 basilisks
  3 wyverns
  5 large abominations (Abyss:2)
  22 yaks
  A hog (Lair:3)
  5 fire elementals
  7 vampire mosquitoes
  Menkaure (D:4)
  3 wargs
  29 nagas
  14 swamp worms
  An acid dragon (D:10)
  12 water moccasins
  Duvessa (D:7)
  A sky beast (D:6)
  5 black bears
  44 orc warriors
  3 ice beasts
  7 ogres
  5 swamp drakes
  A small abomination (Abyss:2)
  17 centaurs
  2 phantoms (D:6)
  12 wolves
  6 kobold brigands
  Blork the orc (D:4)
  5 earth elementals
  12 bullfrogs
  6 scorpions
  12 wights
  Dowan (D:7)
  16 killer bees
  6 electric eels
  2 howler monkeys
  A quasit (Abyss:2)
  3 jellies
  18 orc priests
  5 hounds
  3 sleepcaps
  5 iguanas
  22 orc wizards
  7 gnolls (D:7)
  8 adders
  A shadow imp (D:5)
  A white imp (D:5)
  A worm (D:3)
  4 dart slugs
  71 orcs
  9 ball pythons
  4 endoplasms
  2 giant cockroaches
  4 goblins
  8 hobgoblins
  16 jackals
  26 kobolds
  2 quokkas
  4 bats
  2 frilled lizards
  4 rats
  A starspawn tentacle (Abyss:2)
948 creatures vanquished.

Vanquished Creatures (collateral kills)
  Rupert (Snake:1)
  A deep elf blademaster (Elf:3)
  Kirke (Lair:3)
  3 nagarajas (Snake:4)
  An eleionoma (Swamp:2)
  A deep elf death mage (Elf:3)
  A shambling mangrove (Swamp:4)
  5 hydras
  An anaconda (Snake:4)
  A ghost crab (Swamp:4)
  A catoblepas (Lair:5)
  3 vault guards (D:14)
  3 death yaks
  An alligator (Swamp:3)
  An orc high priest (Orc:2)
  8 naga sharpshooters
  2 deep elf knights
  6 naga warriors
  3 skysharks
  A goliath frog (Swamp:2)
  2 spriggan riders
  A spriggan druid (Swamp:1)
  A bog body (Swamp:1)
  2 naga ritualists
  3 swamp dragons
  A deep elf zephyrmancer (Elf:3)
  A lindwurm (Lair:5)
  A mana viper (Snake:2)
  A will-o-the-wisp (Lair:3)
  4 ugly things
  3 deep elf pyromancers (Elf:3)
  4 salamanders
  2 naga magi (Snake:1)
  A black mamba (Lair:2)
  2 elephants
  A cane toad (Lair:5)
  2 guardian serpents (Snake:1)
  An orange demon (Abyss:2)
  A komodo dragon (Lair:5)
  A tyrant leech (Swamp:2)
  A polar bear (Lair:2)
  2 hornets
  3 blink frogs (Lair:4)
  A jumping spider (shapeshifter) (D:15)
  8 yaks
  A wyvern (Lair:1)
  3 spriggans
  A water elemental (D:13)
  A swamp worm (Swamp:1)
  6 nagas
  3 orc warriors
  A swamp drake (Swamp:4)
  3 ogres
  2 wolves (Lair:5)
  A bullfrog (Lair:3)
  2 gnoll sergeants
  An earth elemental (Elf:3)
  3 wights
  9 killer bees
  5 electric eels
  An orc priest (D:7)
  10 orcs
  2 goblins (D:8)
  3 kobolds
153 creatures vanquished.

Vanquished Creatures (others)
  A very ugly thing zombie (Abyss:2)
  A deep elf knight (Elf:3)
  A wolf spider zombie (D:10)
  An anaconda zombie (Snake:4)
  A mana viper (Snake:2)
  A deep elf pyromancer (Elf:3)
  4 ugly thing zombies
  3 deep elf zephyrmancers
  A shock serpent zombie (Snake:4)
  A spectral rakshasa (Abyss:2)
  2 swamp worm zombies
  2 human zombies (D:14)
  A hydra zombie (Swamp:4)
  A bloated husk (Swamp:1)
  An alligator zombie (Swamp:4)
  A great orb of eyes zombie (Abyss:2)
  2 meliai zombies
  5 guardian serpent zombies
  A water elemental (Elf:3)
  4 slime creature zombies
  8 black mamba zombies
  3 humans (Lair:3)
  A tyrant leech zombie (Swamp:3)
  22 naga zombies
  2 cane toad zombies (Lair:4)
  2 two-headed ogre zombies
  A hornet zombie (Swamp:4)
  3 blink frog zombies
  2 elephant zombies (Lair:3)
  3 swamp dragon zombies
  3 vampire mosquito zombies
  A rime drake zombie (Lair:3)
  4 salamander zombies (Snake:4)
  2 komodo dragon zombies
  A wyvern zombie (D:9)
  5 water moccasin zombies
  A warg zombie (Orc:2)
  2 raiju zombies (Abyss:2)
  9 yak zombies
  8 wolf zombies
  8 centaur zombies
  A black bear zombie (D:10)
  4 bullfrog zombies
  An orc wizard (Orc:2)
  10 killer bee zombies
  4 ogre zombies
  A spectral quasit (Abyss:2)
  2 howler monkey zombies
  A swamp drake zombie (Swamp:2)
  30 elf zombies
  An orc (Orc:2)
  4 gnoll zombies (D:7)
  A kobold (D:8)
  9 kobold zombies
  69 orc zombies
  20 foxfires
  35 fungi
  57 plants
  5 starspawn tentacles (Abyss:2)
381 creatures vanquished.

Grand Total: 1482 creatures vanquished

Notes
Turn   | Place    | Note
-------+----------+-------------------------------------------
     0 | D:1      | 0o0o the Minotaur Fighter began the quest for the Orb.
     0 | D:1      | Reached XP level 1. HP: 19/19 MP: 0/0
   140 | D:1      | Reached XP level 2. HP: 23/27 MP: 1/1
   219 | D:1      | Reached skill level 4 in Fighting
   655 | D:1      | Found a faded altar of an unknown god.
   847 | D:2      | Reached XP level 3. HP: 33/33 MP: 2/2
  1108 | D:2      | Identified the +5 spear of Shrieking Terror {flame, +Blink
                  | rPois Int+5}
  1384 | D:2      | Found a glowing silver altar of Zin.
  1463 | D:2      | Reached XP level 4. HP: 40/40 MP: 3/3
  1744 | D:3      | Found a runed translucent door.
  1754 | D:3      | Noticed diceflayer's ghost (amateur MiFi)
  1818 | D:3      | Found a radiant altar of Vehumet.
  2133 | D:3      | Reached skill level 1 in Polearms
  2452 | D:3      | Found a runed translucent door.
  2709 | D:4      | Noticed Menkaure
  2733 | D:4      | Reached XP level 5. HP: 42/47 MP: 4/4
  2750 | D:4      | Killed Menkaure
  2751 | D:4      | Reached skill level 5 in Fighting
  2751 | D:4      | Reached skill level 5 in Armour
  2751 | D:4      | Reached skill level 5 in Shields
  2751 | D:4      | Reached XP level 6. HP: 42/56 MP: 5/5
  3306 | D:4      | Noticed Blork the orc
  3313 | D:4      | Killed Blork the orc
  3314 | D:4      | Reached XP level 7. HP: 46/62 MP: 6/6
  3651 | D:5      | Entered Level 5 of the Dungeon
  3729 | D:5      | Reached skill level 6 in Fighting
  3943 | D:5      | Found a transporter.
  3944 | D:5      | Noticed diceflayer's ghost (amateur DsHu)
  3954 | D:5      | Found a transporter.
  3979 | D:5      | Identified the +7 buckler of Chill Winds {rCorr}
  4082 | D:5      | Found a blossoming altar of Fedhas.
  4082 | D:5      | Found an ancient bone altar of Kikubaaqudgha.
  4115 | D:5      | Reached XP level 8. HP: 66/71 MP: 7/7
  4154 | D:5      | Noticed Prince Ribbit
  4175 | D:5      | Killed Prince Ribbit
  4176 | D:5      | Reached skill level 5 in Polearms
  4187 | D:5      | Reached skill level 7 in Fighting
  5165 | D:6      | Found a bloodstained altar of Trog.
  5264 | D:6      | Found Nom Yllo's Vocational Training.
  5508 | D:6      | Found a basalt altar of Yredelemnul.
  5982 | D:6      | Reached XP level 9. HP: 81/81 MP: 8/8
  6013 | D:6      | Became a worshipper of Yredelemnul the Dark
  6043 | D:7      | Reached skill level 8 in Fighting
  6103 | D:7      | Found a hide-covered altar of Uskayaw.
  6109 | D:7      | Reached * piety under Yredelemnul
  6117 | D:7      | Noticed Duvessa
  6117 | D:7      | Noticed Dowan
  6125 | D:7      | Found a staircase to the Ecumenical Temple.
  6289 | D:7      | Killed Duvessa
  6297 | D:7      | Killed Dowan
  6310 | D:7      | Reached ** piety under Yredelemnul
  6329 | D:7      | Your ally Duvessa died
  6335 | D:7      | Your ally Dowan died
  7187 | D:8      | Identified the +1 long sword "Eprin" {flame, rElec Will+
                  | SInv}
  7343 | D:8      | Reached skill level 9 in Fighting
  7534 | D:8      | Found a runed translucent gate.
  7535 | D:8      | Found a runed translucent gate.
  7536 | D:8      | Found a runed translucent gate.
  7538 | D:8      | Noticed a kobold demonologist
  7538 | D:8      | Noticed diceflayer's ghost (novice MiFi)
  7569 | D:8      | Found a flagged portal.
  7587 | Bailey   | Entered a bailey
  7640 | Bailey   | Noticed an orc knight
  7691 | D:8      | Noticed Joseph
  7952 | D:8      | Reached XP level 10. HP: 91/91 MP: 9/9
  7994 | D:8      | Noticed Erica
  8017 | D:8      | Killed Joseph
  8793 | D:9      | Noticed a two-headed ogre
  8816 | D:9      | Killed a two-headed ogre
  8817 | D:9      | Reached skill level 1 in Ranged Weapons
  8985 | D:9      | Noticed a two-headed ogre
  9228 | D:9      | Reached skill level 10 in Armour
  9228 | D:9      | Reached skill level 10 in Shields
  9235 | D:9      | Reached skill level 10 in Fighting
  9580 | D:9      | Killed a two-headed ogre
 10026 | D:10     | Entered Level 10 of the Dungeon
 10026 | D:10     | Found a staircase to the Orcish Mines.
 10093 | D:10     | Found Wili's Jewellery Shop.
 10286 | D:10     | Killed Erica
 10392 | D:10     | Reached XP level 11. HP: 101/101 MP: 10/10
 10584 | D:10     | Noticed a two-headed ogre
 10584 | D:10     | Noticed a two-headed ogre
 10607 | D:10     | Killed a two-headed ogre
 10619 | D:10     | Killed a two-headed ogre
 10620 | D:10     | Reached skill level 11 in Fighting
 10620 | D:10     | Reached skill level 10 in Polearms
 10827 | D:10     | Reached skill level 5 in Ranged Weapons
 10847 | D:10     | Found a staircase to the Lair.
 11006 | D:10     | Noticed a wolf spider
 11016 | D:10     | Killed a wolf spider
 11036 | D:10     | Noticed a stone giant
 11690 | D:10     | Found an iron altar of Okawaru.
 11737 | D:10     | Identified the +6 scale mail "Torphura" {*Corrode rElec
                  | rN+++}
 11787 | D:10     | Noticed an orc knight
 11812 | D:10     | Killed an orc knight
 11871 | Lair:1   | Entered Level 1 of the Lair of Beasts
 11887 | D:10     | Gained mutation: You have hidden genetic potential. [potion
                  | of mutation]
 11887 | D:10     | Gained mutation: You have a pair of large horns on your
                  | head. [potion of mutation]
 12082 | D:10     | Killed a stone giant
 12414 | Lair:1   | Identified the +8 tower shield "Ogumac" {Str+3}
 12586 | Lair:1   | Reached XP level 12. HP: 97/112 MP: 9/11
 12707 | Lair:1   | Found a transporter.
 12711 | Lair:1   | Found a transporter.
 12718 | Lair:1   | Noticed Anon1729's ghost (journeyman MiMo)
 12723 | Lair:1   | Found a bloodstained altar of Trog.
 13079 | Lair:2   | Reached skill level 12 in Fighting
 13257 | Lair:2   | Reached *** piety under Yredelemnul
 13884 | Lair:2   | Found a staircase to the Snake Pit.
 14540 | Lair:3   | Reached **** piety under Yredelemnul
 14566 | Lair:3   | Gained mutation: You are robust. (+10% HP) [hidden
                  | potential]
 14594 | Lair:3   | Reached skill level 1 in Invocations
 14626 | Lair:3   | Noticed Kirke
 14652 | Lair:3   | Killed Kirke
 14653 | Lair:3   | Found a staircase to the Swamp.
 14973 | Lair:3   | Noticed a six-headed hydra
 14987 | Lair:3   | Killed a six-headed hydra
 15279 | Lair:3   | Noticed a seven-headed hydra
 15289 | Lair:3   | Killed a seven-headed hydra
 15560 | Lair:4   | Identified a scroll of acquirement
 15560 | Lair:4   | Acquired 983 gold pieces
 15597 | Lair:4   | Reached skill level 13 in Fighting
 15659 | Lair:4   | Reached XP level 13. HP: 134/134 MP: 14/14
 15959 | Lair:4   | Found a viscous altar of Jiyva.
 15960 | Lair:4   | Found a staircase to the Slime Pits.
 16322 | Lair:3   | Gained mutation: Your system is resistant to poisons.
                  | (rPois) [hidden potential]
 16322 | Lair:3   | Lost mutation: You have hidden genetic potential. [hidden
                  | potential expressed]
 17025 | Lair:5   | Entered Level 5 of the Lair of Beasts
 17121 | Lair:5   | Reached skill level 5 in Invocations
 17681 | Lair:5   | Reached skill level 14 in Fighting
 17691 | Lair:5   | Reached ***** piety under Yredelemnul
 17696 | Lair:5   | Reached ****** piety under Yredelemnul
 17969 | Lair:5   | Acquired a manual of Fighting
 18535 | D:6      | Bought a manual of Evocations for 880 gold pieces
 18637 | Orc:1    | Entered Level 1 of the Orcish Mines
 18646 | Orc:1    | Reached XP level 14. HP: 145/145 MP: 17/17
 18807 | Orc:1    | Reached skill level 1 in Evocations
 19113 | Orc:2    | Entered Level 2 of the Orcish Mines
 19113 | Orc:2    | Found a staircase to the Elven Halls.
 20099 | Orc:2    | Noticed an orc warlord
 20157 | Orc:2    | Killed an orc warlord
 20158 | Orc:2    | Reached skill level 15 in Fighting
 20576 | Orc:2    | Found Boero's Jewellery Shoppe.
 20576 | Orc:2    | Found Lomol's Jewellery Shop.
 20578 | Orc:2    | Found Bejymn's Armour Shoppe.
 20578 | Orc:2    | Found Ushaynoi's Magic Scroll Shop.
 20609 | Orc:2    | Bought the amulet "Unecvup" {Reflect rF- rN++ Str+2 SH+5}
                  | for 670 gold pieces
 20643 | Orc:2    | Bought a scroll of enchant weapon for 112 gold pieces
 20643 | Orc:2    | Bought a scroll of enchant armour for 112 gold pieces
 20643 | Orc:2    | Bought 3 scrolls of fear for 180 gold pieces
 22336 | D:13     | Reached skill level 15 in Shields
 22706 | D:13     | Reached skill level 15 in Armour
 23084 | D:13     | Found a portal to a secret trove of treasure.
 23110 | D:13     | Reached skill level 16 in Fighting
 24039 | D:13     | Noticed an orc warlord
 24074 | D:13     | Killed an orc warlord
 24386 | D:13     | Gained mutation: [You sometimes lose your temper in
                  | combat.] [a neqoxec]
 24388 | D:13     | Gained mutation: [You are clumsy. (Dex -2)] [a neqoxec]
 24707 | D:13     | Reached XP level 15. HP: 158/159 MP: 18/18
 24951 | D:14     | Found a shimmering blue altar of Sif Muna.
 25108 | D:14     | Found a gate to the Vaults.
 25125 | D:14     | Reached skill level 15 in Polearms
 25175 | D:14     | Reached skill level 17 in Fighting
 25284 | D:14     | Identified the +8 glaive of Wiseavaw {flame, *Noise rN+
                  | Dex+2}
 25626 | D:15     | Entered Level 15 of the Dungeon
 25631 | D:15     | Noticed Agnes
 25882 | D:14     | Killed Agnes
 26717 | D:15     | Reached skill level 10 in Ranged Weapons
 27191 | D:15     | Found a staircase to the Depths.
 27557 | Snake:1  | Entered Level 1 of the Snake Pit
 27590 | Snake:1  | Noticed Rupert
 27591 | Snake:1  | Paralysed by Rupert for 5 turns
 27605 | Snake:1  | Killed Rupert
 27684 | Snake:1  | Reached skill level 18 in Fighting
 27963 | Snake:1  | Identified the +0 robe of Impish Creativity {Int+3}
 28043 | Snake:1  | Acquired a +0 demon trident of venom
 28155 | Snake:1  | Reached XP level 16. HP: 172/172 MP: 20/20
 29653 | Snake:2  | Found Kepnumar's Jewellery Emporium.
 29653 | Snake:2  | Found Edaihup's Book Boutique.
 29654 | Snake:2  | Found Wirues's Book Boutique.
 29675 | Snake:2  | Bought the amulet "Ynuczef" {Spirit rElec rPois rC+ Will+}
                  | for 668 gold pieces
 29675 | Snake:2  | Bought a +6 ring of strength for 396 gold pieces
 30043 | Snake:3  | Reached skill level 5 in Evocations
 30172 | Snake:3  | Noticed Vashnia
 30328 | Snake:3  | Killed Vashnia
 30591 | Snake:3  | Found Catrao's Tremendous Tomes.
 30955 | Snake:4  | Entered Level 4 of the Snake Pit
 30956 | Snake:4  | Noticed Louise
 30969 | Snake:4  | Killed Louise
 30970 | Snake:4  | Reached skill level 19 in Fighting
 32089 | Snake:4  | Noticed Aizul
 32107 | Snake:4  | Killed Aizul
 32309 | Snake:4  | Reached skill level 10 in Evocations
 32318 | Snake:4  | Reached XP level 17. HP: 187/187 MP: 19/21
 32567 | Snake:4  | Your ally Aizul died
 33758 | Snake:4  | Reached skill level 20 in Fighting
 34258 | Snake:4  | Got a serpentine rune of Zot
 34531 | Swamp:1  | Entered Level 1 of the Swamp
 35155 | Swamp:1  | Noticed Nikola
 35182 | Swamp:1  | Killed Nikola
 35917 | Swamp:1  | Noticed Frances
 35949 | Swamp:1  | Killed Frances
 36415 | Swamp:2  | Noticed Roxanne
 37061 | Swamp:3  | Noticed Mara
 37359 | Swamp:3  | Killed Mara
 37753 | Swamp:4  | Entered Level 4 of the Swamp
 38392 | Swamp:4  | Reached XP level 18. HP: 183/198 MP: 20/22
 38411 | Swamp:4  | Noticed the 27-headed Lernaean hydra
 39121 | Swamp:3  | Killed the 27-headed Lernaean hydra
 39440 | Swamp:4  | Got a decaying rune of Zot
 41190 | Orc:2    | Bought a ring of fire for 400 gold pieces
 41202 | Orc:2    | Bought a ring of protection from cold for 400 gold pieces
 41597 | Elf:1    | Entered Level 1 of the Elven Halls
 42233 | Elf:1    | Noticed Jorgrun
 42239 | Elf:1    | Killed Jorgrun
 42283 | Elf:1    | Paralysed by an air elemental for 1 turns
 42504 | Elf:1    | Reached skill level 21 in Fighting
 42689 | Elf:1    | Found Jefek's Antique Weapon Shoppe.
 44166 | Elf:2    | Acquired the +1 cloak of Sif Muna's Wrath {rF+ rCorr Str+5
                  | Dex-4}
 44330 | Elf:2    | Found Jomohibi's Antique Armour Shop.
 45221 | Elf:2    | Found a runed translucent gate.
 45221 | Elf:2    | Found a runed translucent gate.
 45222 | Elf:2    | Found a runed translucent gate.
 45249 | Elf:3    | Entered Level 3 of the Elven Halls
 45525 | Elf:3    | Noticed Bai Suzhen
 45535 | Elf:3    | Noticed a Brimstone Fiend
 45536 | Elf:3    | Noticed an Ice Fiend
 45551 | Elf:2    | Killed Bai Suzhen
 46402 | Elf:3    | Reached XP level 19. HP: 162/209 MP: 18/23
 46810 | Elf:3    | Found Xefed's Antique Weapon Emporium.
 47344 | Elf:3    | Identified the +9 great sword of Imbalance {freeze, rF+
                  | Dex-3 SInv}
 47349 | Abyss:2  | Found a corrupted altar of Lugonu.
 47349 | Abyss:2  | Cast into level 2 of the Abyss (a deep elf demonologist)
 47725 | Abyss:2  | Found a corrupted altar of Lugonu.
 47752 | Abyss:2  | Noticed a Tzitzimitl
 47754 | Abyss:2  | Noticed a dread lich
 47814 | Abyss:2  | Paralysed by a dread lich for 4 turns
 47821 | Abyss:2  | Killed a dread lich
 47828 | Elf:3    | Escaped the Abyss
 47829 | Elf:3    | Identified the +4 short sword of the Extremes {heavy,
                  | Will++ Int+6 Stlth-}
 48474 | Elf:3    | Paralysed by accursed screaming for 1 turns
 48476 | Elf:3    | Lost intelligence.
 48477 | Elf:3    | Noticed a Brimstone Fiend
 48477 | Elf:3    | HP: 6/143 [deep elf death mage/+2 trident of freezing (4)]
 48477 | Elf:3    | Slain by a shadow demon

Illustrated notes

Levels and vault maps discovered:
D:1:      scummos_arrival_star, layout_basic,
          dreamdust_ecumenical_altar_angels_and_demons
D:2:      layout_loops_corners, basic_altar
D:3:      layout_loops_ring, nicolae_overflow_hidden_temple, serial_glass,
          glass_columns_c, glass_columns_c, ebering_ghost_sewer_f
D:4:      layout_basic, uniq_blork_the_orc, uniq_menkaure
D:5:      layout_rooms, grunt_temple_overflow_growth_and_decay,
          gammafunk_ghost_gnarly_gnolls, uniq_prince_ribbit1
D:6:      layout_loops_corners, bloody_trog,
          mainiacjoe_overflow_surrounded_room, nicolae_shop_vocational
D:7:      layout_cave_pools, eat_drink_and_be_merry_uskayaw,
          minmay_temple_entry_statues_pillars, kennysheep_generic_room_9,
          uniq_duvessa
D:8:      layout_basic, gammafunk_ghost_nasty_kobolds, enter_bailey_5,
          serial_corexii_hall, corexii_hall_statues_i, corexii_hall_statues_s,
          uniq_joseph, uniq_erica
D:9:      layout_stronghold, corexii_leaking_fountain, minmay_crystal_room
D:10:     minmay_the_grid_net [minmay_the_grid_x, minmay_the_grid_square_x,
          minmay_the_grid_small_cups, minmay_the_grid_armoury,
          minmay_the_grid_spin_star, minmay_the_grid_prize_diamond_cup],
          layout_rooms, mainiacjoe_overflow_alcove_1, david_lair_generic,
          serial_shops, nicolae_shop_window_shopping
D:11:     layout_roguey
D:12:     layout_loops_corners
D:13:     orc_temple, layout_basic, nicolae_trove_entry_isolated
D:14:     layout_roguey, erik_vaults_2, nicolae_sif_muna_condensation
D:15:     gammafunk_enter_depths_forms, layout_long_grid, uniq_agnes
Lair:1:   layout_misc_corridors, gammafunk_ghost_wrathful_warriors,
          chequers_serial_rivers_small_b
Lair:2:   layout_chaotic_city, nicolae_snake_entry_squirm,
          nicolae_lair_grove_arrangements, grunt_forest_small_clearings
Lair:3:   layout_cave_pods, minmay_swamp_entry_wisps, uniq_kirke
Lair:4:   layout_roguey [special_room_bee], slime_entry_1, beast_lair_carwin_3
Lair:5:   grunt_lair_end_beastmaster, layout_big_grid, serial_bayou_shore_a
Swamp:1:  nicolae_swamp_long_stream, layout_basic_swamp,
          evilmike_swamp_ruin_house_3, uniq_nikola, uniq_frances
Swamp:2:  layout_basic_swamp, infiniplex_staircase_pool, swamp_pool2,
          uniq_roxanne
Swamp:3:  layout_basic_swamp, evilmike_swamp_ruin_rubble_2, uniq_mara
Swamp:4:  swamp_old_school, layout_basic_swamp, swamp_pool4
Snake:1:  layout_cave_shapes, nicolae_integral_box, uniq_rupert
Snake:2:  layout_chambers, nicolae_triple_integral, minmay_shop_grove
Snake:3:  layout_cave_town, nicolae_shop_i_like_big_books, grunt_megastairs_2,
          uniq_vashnia
Snake:4:  grunt_snake_rune_spirals, layout_concentric_octagons, uniq_aizul,
          uniq_louise
Orc:1:    layout_diamond_mine
Orc:2:    grunt_orc_tribal_feast, layout_caves
Elf:1:    elf_arrival_002, layout_rooms, serial_shops, nicolae_shop_dealshenge,
          serial_sigils, serial_sigils_hangedman_leer,
          serial_sigils_hangedman_scar, serial_sigils_hangedman_scratch,
          serial_sigils_hangedman_carve, serial_sigils_hangedman_snap,
          serial_sigils_hangedman_gut, minivault_28, uniq_jorgrun
Elf:2:    elven_hall_of_blades_hangedman_original [nooodl_blade_entry_preview],
          layout_onion_city, serial_shops, shop, wad_dig_loot
Elf:3:    minmay_elf_hall_dome, layout_rooms, serial_shops,
          nicolae_shop_tiny_waterfront, lightli_enter_wizlab_magi_temple,
          hangedman_elf_represent, uniq_bai_suzhen

Skill      XL: |  1  2  3  4  5  6  7  8  9 10 11 12 13 14 15 16 17 18 |
---------------+-------------------------------------------------------+-----
Fighting       | 4 5 6 7 9 10 11 13 14 16 18 19 20 21 | 21.8
Shields        | 4 5 6 8 9 10 11 13 14 15 16 17 18 19 | 19.8
Armour         | 4 5 6 8 9 10 11 13 14 15 16 17 18 19 | 19.7
Axes           | 3 |  3.2
Polearms       | 1 2 3 4 6 8 9 10 12 13 14 15 16 17 | 17.4
Ranged Weapons | 3 6 7 8 10 | 10.4
Invocations    | 3 6 7 |  7.0
Evocations     | 3 10 13 14 | 14.5

Action                     |  1- 3 |  4- 6 |  7- 9 | 10-12 | 13-15 | 16-18 | 19-21 || total
---------------------------+-------+-------+-------+-------+-------+-------+-------++-------
  Melee: War axe           |    68 |       |       |       |       |       |       ||    68
         Headbutt          |    12 |    12 |    34 |   118 |   298 |   221 |    44 ||   739
         Spear             |    16 |    71 |   332 |   536 |   154 |    15 |       ||  1124
         Trident           |       |       |       |    81 |  1409 |     5 |       ||  1495
         Punch             |       |       |       |       |     1 |       |       ||     1
         Demon trident     |       |       |       |       |     9 |  1405 |   254 ||  1668
   Fire: Sling             |       |       |       |    27 |     5 |     6 |       ||    38
         Arbalest          |       |       |       |       |     4 |       |       ||     4
  Throw: Throwing net      |       |       |     1 |       |       |       |       ||     1
 Invoke: Recall Undead Har |       |       |     2 |     4 |     1 |       |       ||     7
         Dark Bargain      |       |       |       |       |     3 |     2 |       ||     5
         Drain Life        |       |       |       |       |       |     3 |       ||     3
Ability: Evoke Blink       |       |       |       |       |       |     1 |       ||     1
  Evoke: Wand              |       |       |       |       |     1 |    18 |       ||    19
         Box of beasts     |       |       |       |       |       |     2 |       ||     2
         Lightning rod     |       |       |       |       |       |     4 |       ||     4
    Use: Scroll            |     3 |     1 |     9 |     8 |    19 |    12 |     4 ||    56
         Potion            |       |       |     1 |     3 |     3 |     9 |     8 ||    24
   Stab: Distracted        |       |       |     2 |     8 |    14 |    12 |     2 ||    38
 Armour: Scale mail        |    46 |    15 |    22 |       |       |       |       ||    83
         Plate armour      |       |       |    48 |   134 |   167 |   330 |    53 ||   732
  Dodge: Dodged            |    37 |    19 |    67 |    86 |   247 |   141 |    32 ||   629
  Block: Buckler           |    17 |     3 |     2 |       |       |       |       ||    22
         Kite shield       |       |       |   126 |   143 |       |       |       ||   269
         Reflection        |       |       |     2 |       |    61 |    26 |       ||    89
         Tower shield      |       |       |       |   117 |  1111 |  1037 |   161 ||  2426
         Other             |       |       |       |       |     4 |       |       ||     4
